 Dungeon Crawl Stone Soup version 0.13.1-2-gfb2c2b7 (webtiles) character file.

2232 Atarun the Skirmisher (level 9, -6/97 HPs)
             Began as a Troll Berserker on Dec 1, 2013.
             Was a High Priest of Trog.
             Mangled by an orc warrior
             ... wielding a +0,+1 orcish glaive
              (19 damage)
             ... on Level 7 of the Dungeon.
             The game lasted 00:34:16 (4742 turns).

Atarun the Skirmisher (Troll Berserker)             Turns: 4742, Time: 00:34:16

HP  -6/97        AC  7     Str 29      XL: 9   Next:  9%
MP   3/3         EV 11     Int  4      God: Trog [*****.]
Gold 94          SH  0     Dex  7      Spells:  0 memorised,  8 levels left

Res.Fire  : + . .   See Invis. : .     - Unarmed
Res.Cold  : + . .   Warding    : .   l - +2 orc robe
Life Prot.: . . .   Conserve   : .   (shield restricted)
Res.Poison: +       Res.Corr.  : .   (helmet restricted)
Res.Elec. : +       Clarity    : +   (no cloak)
Sust.Abil.: + .     Spirit.Shd : .   (gloves unavailable)
Res.Mut.  : .       Stasis     : .   (boots unavailable)
Res.Rott. : .       Flight     : .   (no amulet)
Gourmand  : +                        v - ring of protection from fire
                                     s - ring of Klaynou {SustAb +Inv rPois Stlth+}

@: regenerating, exhausted, slowed, very slow, very resistant to hostile
enchantments, unstealthy
A: unfitting armour, claws 3, blurry vision 1, clarity, cold resistance 1, fast
metabolism 3, gourmand, regeneration 2, +10% hp, saprovore 2, electricity
resistance, tough skin 2, evolution 1, AC +1, Dex -2
a: Burn Spellbooks, Berserk, Trog's Hand, Brothers in Arms, Renounce Religion,
Evoke Invisibility


You were on level 7 of the Dungeon.
You worshipped Trog.
Trog was extremely pleased with you.
You were near starving.

You visited 1 branch of the dungeon, and saw 7 of its levels.

You collected 175 gold pieces.
You spent 101 gold pieces at shops.

Inventory:

Armour
 l - a +2 orcish robe (worn)
Magical devices
 h - a wand of confusion (9)
Comestibles
 a - 3 meat rations
 c - an apple
 g - 2 pears
 o - 2 bread rations
 p - 2 chunks of goblin flesh
 q - a rotting chunk of rat flesh
Scrolls
 e - 3 scrolls of recharging
 j - 2 scrolls of remove curse
 n - a scroll of enchant weapon II
 w - a scroll of blinking
Jewellery
 m - an uncursed ring of ice
 s - the ring of Klaynou (left claw) {SustAb +Inv rPois Stlth+}
   (You found it on level 6 of the Dungeon)

   [ring of sustain abilities]

   It protects you from poison.
   It lets you turn invisible.
   It makes you much more stealthy.
 v - a ring of protection from fire (right claw)
Potions
 b - 2 potions of heal wounds
 d - a potion of flight
 f - 5 potions of curing
 i - a potion of agility
 k - a potion of brilliance


   Skills:
 - Level 6.8 Fighting
 * Level 1.4 Armour
 - Level 6.7 Dodging
 - Level 6.0 Unarmed Combat


You had 8 spell levels left.
You didn't know any spells.

Dungeon Overview and Level Annotations

Branches:
Dungeon (7/27)             Temple (0/1) D:4
    Orc: D:6-11

Altars:
Elyvilon
Xom

Shops:
D:4 **


Innate Abilities, Weirdness & Mutations

You are too large for most types of armour.
You have claws for hands.
Your metabolism is lightning-fast.
You like to eat raw meat.
You heal very quickly.
You can eat rotten meat.
You are covered in fur (AC +1).
You have very tough skin (AC +2).
Your vision is a little blurry.
You possess an exceptional clarity of mind.
You are clumsy. (Dex -2)
Your flesh is cold resistant.
You are robust (+10% HP).
You are resistant to electric shocks.
You evolve.


Message History

The orc warrior misses you.
The orc warrior is no longer bleeding.
The orc wizard picks up an orcish hand axe.
The orc wizard unwields an uncursed orcish dagger.
The orc wizard drops an uncursed orcish dagger.
The orc wizard picks up an orcish dagger.
The orc wizard wields an orcish dagger.
The orc warrior barely misses you.
The orc wizard casts a spell.
The orc wizard blinks!
Use which ability? (? or * to list)
Your skin crawls.
You feel resistant to hostile enchantments.
You feel slightly more hungry. The orc warrior barely misses you.
The orc warrior misses you.
The orc warrior hits you from afar with an orcish glaive.
* * * LOW HITPOINT WARNING * * *
The orc warrior hits you from afar with an orcish glaive!
* * * LOW HITPOINT WARNING * * *
The orc warrior hits you from afar with an orcish glaive!
You die...

#.# ##.# #..# #..#
##.# #.# #.# #.#
#@# #.# #.. #o#
#..... #.# #......
#.# #....... #.#
#........ #.#
##........ #.#
.........
#.#######.........


You could see an orc warrior.

Vanquished Creatures
  An ice beast (D:6)
  An ogre (D:3)
  4 giant goldfish (D:6)
  A phantom (D:5)
  Sigmund (D:2)
  A gnoll sergeant (D:6)
  2 giant frogs (D:6)
  An electric eel (D:6)
  A hippogriff skeleton (D:6)
  4 wights (D:4)
  7 jellyfish (D:6)
  2 crimson imps (D:5)
  A hound (D:7)
  An orc wizard (D:3)
  3 big fish (D:6)
  3 iguanas
  2 orc priests
  4 worker ants
  4 adders
  9 gnolls (D:6)
  2 giant mites
  An inept feature mimic (D:6)
  An adder skeleton (D:4)
  3 giant geckos
  2 oozes
  14 orcs
  12 bats
  A bat skeleton (D:5)
  4 giant cockroaches
  10 hobgoblins
  15 jackals
  7 giant newts
  A giant newt skeleton (D:4)
  14 goblins
  13 kobolds
  2 orc skeletons (D:4)
  A quokka (D:3)
  10 rats
  2 rat skeletons
168 creatures vanquished.

Notes
Turn   | Place    | Note
--------------------------------------------------------------
     0 | D:1      | Atarun, the Troll Berserker, began the quest for the Orb.
     0 | D:1      | Reached XP level 1. HP: 23/23 MP: 0/0
   182 | D:1      | Reached XP level 2. HP: 31/31 MP: 0/0
   349 | D:1      | Acquired Trog's second power
   349 | D:1      | Reached skill level 4 in Unarmed Combat
   740 | D:2      | Reached XP level 3. HP: 37/37 MP: 1/1
  1030 | D:2      | Reached skill level 5 in Unarmed Combat
  1030 | D:2      | Reached XP level 4. HP: 38/46 MP: 1/1
  1301 | D:2      | Noticed Sigmund
  1344 | D:2      | Killed Sigmund
  1344 | D:2      | Reached XP level 5. HP: 50/53 MP: 1/1
  1453 | D:2      | Reached skill level 6 in Unarmed Combat
  2037 | D:3      | Acquired Trog's third power
  2232 | D:4      | Noticed an ogre
  2257 | D:3      | Killed an ogre
  2257 | D:3      | Reached XP level 6. HP: 20/62 MP: 2/2
  2557 | D:4      | Reached skill level 5 in Fighting
  2557 | D:4      | Reached XP level 7. HP: 24/71 MP: 2/2
  2568 | D:4      | Found Hoimp's General Store.
  2585 | D:4      | Bought a scroll of enchant weapon II for 55 gold pieces
  2585 | D:4      | Bought a scroll of identify for 20 gold pieces
  2643 | D:4      | Found a staircase to the Ecumenical Temple.
  2743 | D:4      | Found Inyutin's General Store.
  2772 | D:4      | Bought a scroll of identify for 26 gold pieces
  2964 | D:5      | Entered Level 5 of the Dungeon
  3322 | D:5      | Gained mutation: You evolve. [potion of mutation]
  3322 | D:5      | Gained mutation: Your vision is a little blurry. [potion of mutation]
  3322 | D:5      | Gained mutation: You are clumsy. (Dex -2) [potion of mutation]
  3392 | D:5      | Gained mutation: You are robust (+10% HP). [evolution]
  3419 | D:5      | Found a shimmering altar of Xom.
  3875 | D:6      | Reached XP level 8. HP: 77/89 MP: 2/2
  3905 | D:6      | Gained mutation: Your flesh is cold resistant. [potion of mutation]
  3905 | D:6      | Gained mutation: You are resistant to electric shocks. [potion of mutation]
  3905 | D:6      | Gained mutation: You possess an exceptional clarity of mind. [potion of mutation]
  3998 | D:6      | Reached skill level 5 in Dodging
  4159 | D:6      | Found Raxeurot's Antique Weapon Boutique.
  4193 | D:6      | Got a slimy bone ring
  4194 | D:6      | Identified the ring of Klaynou {SustAb +Inv rPois Stlth+} (You found it on level 6 of the Dungeon)
  4200 | D:6      | Raxeurot's Antique Weapon Boutique was a mimic.
  4243 | D:6      | Reached XP level 9. HP: 39/97 MP: 3/3
  4417 | D:6      | Found a white marble altar of Elyvilon.
  4544 | D:6      | Reached skill level 1 in Armour
  4742 | D:7      | Mangled by an orc warrior

Action                   |  1- 3 |  4- 6 |  7- 9 || total
-------------------------+-------+-------+-------++-------
Melee: Unarmed           |   102 |   173 |   237 ||   512
Invok: Berserk           |       |     2 |     1 ||     3
       Trog's Hand       |       |     1 |     1 ||     2
  Use: Scroll            |     7 |     5 |     9 ||    21
       Potion            |     4 |     3 |     4 ||    11
 Stab: Sleeping          |     2 |     1 |       ||     3
